[ PARTIDA AOE2 · #463335248 ]
UnrankedMongoles vs Khmer
Equipo del jugador · DERR
[ ANÁLISIS DE REPETICIÓN · EXTRAÍDO DE LA PARTIDA GRABADA ]
Feudal
11:26
Castillos
22:14
Imperial
—
| APM promedio | 12.1 |
| APM pico | 51 |
| eAPM promedio | 8.0 |
| Aldeanos / militares | 52 / 29 |
Foco
⚔️ 22.2% · 🌾 77.8%
Spearman ×20 · Trade Cart ×6 · Monk ×4 · Mangudai ×3 · Knight ×1 · Scout Cavalry ×1
Feudal
9:14
Castillos
18:29
Imperial
—
| APM promedio | 18.2 |
| APM pico | 44 |
| eAPM promedio | 12.9 |
| Aldeanos / militares | 105 / 54 |
Foco
⚔️ 21.0% · 🌾 79.0%
Scout Cavalry ×49 · Petard ×5
Feudal
10:45
Castillos
25:13
Imperial
—
| APM promedio | 8.0 |
| APM pico | 28 |
| eAPM promedio | 7.5 |
| Aldeanos / militares | 66 / 63 |
Foco
⚔️ 33.2% · 🌾 66.8%
Militia ×31 · Archer ×22 · Trade Cart ×12 · Battering Ram ×7 · Skirmisher ×2 · Spearman ×1
Feudal
13:23
Castillos
16:53
Imperial
37:35
| APM promedio | 13.9 |
| APM pico | 30 |
| eAPM promedio | 10.5 |
| Aldeanos / militares | 112 / 44 |
Foco
⚔️ 21.0% · 🌾 79.0%
Ballista Elephant ×28 · Battle Elephant ×14 · Trade Cart ×7 · Trebuchet (Packed) ×2
Feudal
—
Castillos
—
Imperial
—
| APM promedio | 11.7 |
| APM pico | 28 |
| eAPM promedio | 9.2 |
| Aldeanos / militares | 99 / 83 |
Foco
⚔️ 29.7% · 🌾 70.3%
Battle Elephant ×55 · Scorpion ×24 · Knight ×2 · Trebuchet (Packed) ×2
Feudal
—
Castillos
—
Imperial
—
| APM promedio | 7.4 |
| APM pico | 29 |
| eAPM promedio | 6.8 |
| Aldeanos / militares | 71 / 25 |
Foco
⚔️ 21.9% · 🌾 78.1%
Throwing Axeman ×25 · Trade Cart ×14
Mapa de la partida
Recursos iniciales + cada clic de construcción. Líneas = muros · curvas = relieve. ◆ oro · ⬟ piedra · ● bayas · ✦ reliquia · ◌ hueco del cierre
Inputs por minuto
— brhm06 - - jhampier.t-04
Build order — brhm06
Primeras 150 de 182 acciones detectadas
| 0:05 | Crear | Villager (Male) |
| 0:06 | Crear | Villager (Male) |
| 0:06 | Crear | Villager (Male) |
| 0:06 | Crear | Villager (Male) |
| 0:11 | Construir | House |
| 0:14 | Construir | House |
| 1:42 | Crear | Villager (Male) |
| 2:21 | Crear | Villager (Male) |
| 3:16 | Crear | Villager (Male) |
| 3:17 | Crear | Villager (Male) |
| 3:17 | Crear | Villager (Male) |
| 3:17 | Crear | Villager (Male) |
| 3:27 | Crear | Villager (Male) |
| 3:46 | Construir | Lumber Camp |
| 4:36 | Construir | Mill |
| 4:51 | Crear | Villager (Male) |
| 4:51 | Crear | Villager (Male) |
| 4:51 | Crear | Villager (Male) |
| 4:59 | Construir | House |
| 5:00 | Construir | House |
| 5:57 | Construir | Mill |
| 6:46 | Crear | Villager (Male) |
| 6:46 | Crear | Villager (Male) |
| 6:46 | Crear | Villager (Male) |
| 6:47 | Crear | Villager (Male) |
| 6:48 | Crear | Villager (Male) |
| 6:48 | Investigar | Loom |
| 8:32 | Investigar | Feudal Age |
| 8:57 | Construir | Mining Camp |
| 8:58 | Construir | House |
| 9:12 | Construir | Mining Camp |
| 9:21 | Construir | House |
| 9:24 | Construir | House |
| 9:29 | Crear | Villager (Male) |
| 9:29 | Crear | Villager (Male) |
| 9:29 | Crear | Villager (Male) |
| 9:30 | Crear | Villager (Male) |
| 10:48 | Construir | Barracks |
| 11:26 | Edad | Edad Feudal |
| 11:40 | Investigar | Double-Bit Axe |
| 11:47 | Construir | Market |
| 11:55 | Crear | Villager (Male) |
| 11:55 | Crear | Villager (Male) |
| 11:55 | Crear | Villager (Male) |
| 12:26 | Construir | Stable |
| 13:19 | Crear | Trade Cart |
| 13:24 | Investigar | Horse Collar |
| 13:51 | Crear | Scout Cavalry |
| 14:27 | Construir | Stone Wall |
| 14:38 | Construir | Stone Wall |
| 14:54 | Crear | Villager (Male) |
| 14:54 | Crear | Villager (Male) |
| 14:55 | Crear | Villager (Male) |
| 14:55 | Crear | Villager (Male) |
| 15:26 | Construir | Stone Wall |
| 15:31 | Construir | Building 487 |
| 15:41 | Crear | Trade Cart |
| 15:41 | Crear | Trade Cart |
| 15:41 | Crear | Trade Cart |
| 16:11 | Construir | Farm |
| 16:12 | Construir | Farm |
| 16:12 | Construir | Farm |
| 16:14 | Construir | Farm |
| 16:15 | Construir | Farm |
| 17:19 | Construir | Farm |
| 17:22 | Construir | Farm |
| 17:25 | Construir | Farm |
| 17:55 | Construir | Blacksmith |
| 18:04 | Construir | Archery Range |
| 18:12 | Construir | House |
| 18:33 | Construir | Mill |
| 18:36 | Construir | Farm |
| 18:48 | Construir | Farm |
| 18:48 | Construir | Farm |
| 18:56 | Construir | Farm |
| 19:34 | Investigar | Castle Age |
| 19:59 | Construir | House |
| 20:00 | Construir | House |
| 20:01 | Construir | House |
| 20:02 | Construir | House |
| 20:03 | Construir | House |
| 20:05 | Construir | House |
| 20:06 | Construir | House |
| 20:08 | Construir | House |
| 20:11 | Construir | House |
| 20:26 | Investigar | Wheelbarrow |
| 20:26 | Investigar | Town Watch |
| 20:29 | Crear | Trade Cart |
| 21:04 | Investigar | Stone Mining |
| 21:46 | Crear | Spearman |
| 22:14 | Edad | Edad de los Castillos |
| 22:50 | Investigar | Caravan |
| 23:00 | Construir | Town Center |
| 23:14 | Crear | Villager (Male) |
| 23:15 | Crear | Villager (Male) |
| 23:15 | Crear | Villager (Male) |
| 23:15 | Crear | Villager (Male) |
| 23:16 | Crear | Villager (Male) |
| 24:15 | Construir | Mining Camp |
| 24:47 | Crear | Knight |
| 24:56 | Crear | Villager (Male) |
| 24:56 | Crear | Villager (Male) |
| 24:57 | Crear | Villager (Male) |
| 24:57 | Crear | Villager (Male) |
| 24:57 | Crear | Villager (Male) |
| 24:57 | Crear | Villager (Male) |
| 24:57 | Crear | Villager (Male) |
| 26:26 | Construir | Town Center |
| 26:38 | Crear | Villager (Male) |
| 26:39 | Crear | Villager (Male) |
| 26:40 | Investigar | Hand Cart |
| 26:48 | Construir | Mining Camp |
| 28:22 | Construir | Monastery |
| 28:27 | Construir | University |
| 28:56 | Construir | Castle |
| 29:32 | Investigar | Squires |
| 29:33 | Investigar | Pikeman (upgrade) |
| 29:34 | Crear | Spearman |
| 29:34 | Crear | Spearman |
| 29:34 | Crear | Spearman |
| 29:34 | Crear | Spearman |
| 29:34 | Crear | Spearman |
| 29:35 | Crear | Spearman |
| 29:35 | Crear | Spearman |
| 29:35 | Crear | Spearman |
| 29:35 | Crear | Spearman |
| 29:35 | Crear | Spearman |
| 29:36 | Crear | Spearman |
| 29:36 | Crear | Spearman |
| 29:36 | Crear | Spearman |
| 29:44 | Crear | Monk |
| 29:53 | Construir | Mining Camp |
| 30:04 | Crear | Mangudai |
| 30:05 | Crear | Mangudai |
| 30:05 | Crear | Mangudai |
| 30:20 | Investigar | Murder Holes |
| 30:33 | Investigar | Padded Archer Armor |
| 30:40 | Crear | Villager (Male) |
| 30:40 | Crear | Villager (Male) |
| 30:45 | Construir | Farm |
| 30:45 | Construir | Farm |
| 30:46 | Construir | Farm |
| 30:46 | Construir | Farm |
| 30:46 | Construir | Farm |
| 30:46 | Construir | Farm |
| 30:47 | Construir | Farm |
| 30:50 | Construir | Farm |
| 31:03 | Crear | Monk |
| 31:35 | Construir | Farm |
| 31:38 | Construir | Farm |
Build order — jhampier.t-04
Primeras 150 de 289 acciones detectadas
| 0:04 | Construir | House |
| 0:05 | Construir | House |
| 0:08 | Crear | Villager (Male) |
| 0:09 | Crear | Villager (Male) |
| 0:09 | Crear | Villager (Male) |
| 0:09 | Crear | Villager (Male) |
| 0:09 | Crear | Villager (Male) |
| 1:22 | Construir | House |
| 1:24 | Construir | House |
| 1:25 | Construir | House |
| 1:26 | Construir | House |
| 1:34 | Crear | Villager (Male) |
| 1:34 | Crear | Villager (Male) |
| 1:40 | Investigar | Loom |
| 2:27 | Crear | Villager (Male) |
| 2:27 | Crear | Villager (Male) |
| 2:28 | Crear | Villager (Male) |
| 2:52 | Crear | Villager (Male) |
| 2:52 | Crear | Villager (Male) |
| 2:53 | Crear | Villager (Male) |
| 3:22 | Crear | Villager (Male) |
| 3:22 | Crear | Villager (Male) |
| 3:23 | Crear | Villager (Male) |
| 3:50 | Crear | Villager (Male) |
| 4:01 | Crear | Villager (Male) |
| 4:02 | Crear | Villager (Male) |
| 4:02 | Crear | Villager (Male) |
| 5:24 | Crear | Villager (Male) |
| 5:25 | Crear | Villager (Male) |
| 6:02 | Crear | Villager (Male) |
| 6:02 | Crear | Villager (Male) |
| 6:03 | Crear | Villager (Male) |
| 6:37 | Crear | Villager (Male) |
| 6:55 | Investigar | Feudal Age |
| 8:26 | Construir | Lumber Camp |
| 8:43 | Construir | Lumber Camp |
| 9:12 | Construir | Mill |
| 9:14 | Edad | Edad Feudal |
| 9:28 | Crear | Villager (Male) |
| 9:28 | Crear | Villager (Male) |
| 9:28 | Crear | Villager (Male) |
| 9:28 | Crear | Villager (Male) |
| 9:36 | Construir | Farm |
| 9:37 | Construir | Farm |
| 10:04 | Investigar | Wheelbarrow |
| 11:17 | Crear | Villager (Male) |
| 12:01 | Construir | Mining Camp |
| 12:19 | Construir | Farm |
| 12:20 | Construir | Farm |
| 12:21 | Construir | Farm |
| 12:22 | Construir | Farm |
| 12:23 | Construir | Farm |
| 12:25 | Construir | Farm |
| 12:49 | Construir | Farm |
| 13:45 | Construir | Market |
| 13:51 | Crear | Villager (Male) |
| 14:29 | Construir | Farm |
| 14:30 | Construir | Farm |
| 14:34 | Construir | Farm |
| 14:34 | Construir | Farm |
| 14:38 | Crear | Villager (Male) |
| 15:49 | Investigar | Castle Age |
| 15:49 | Investigar | Castle Age |
| 18:29 | Edad | Edad de los Castillos |
| 18:49 | Construir | Castle |
| 19:14 | Construir | Stone Wall |
| 19:43 | Investigar | Hand Cart |
| 20:45 | Construir | Mining Camp |
| 21:03 | Crear | Villager (Male) |
| 21:03 | Crear | Villager (Male) |
| 21:03 | Crear | Villager (Male) |
| 21:03 | Crear | Villager (Male) |
| 21:04 | Crear | Villager (Male) |
| 21:04 | Crear | Villager (Male) |
| 21:04 | Crear | Villager (Male) |
| 21:04 | Crear | Villager (Male) |
| 21:39 | Construir | Town Center |
| 21:42 | Crear | Villager (Male) |
| 21:55 | Investigar | Stone Mining |
| 22:49 | Construir | Stone Wall |
| 22:56 | Construir | Stone Wall |
| 22:58 | Construir | Stone Wall |
| 23:19 | Crear | Villager (Male) |
| 23:20 | Crear | Villager (Male) |
| 23:20 | Crear | Villager (Male) |
| 23:20 | Crear | Villager (Male) |
| 23:26 | Construir | Farm |
| 23:27 | Construir | Farm |
| 23:29 | Construir | Farm |
| 23:49 | Construir | Farm |
| 23:50 | Construir | Farm |
| 23:51 | Construir | Farm |
| 23:54 | Construir | Farm |
| 23:56 | Construir | Farm |
| 24:00 | Crear | Villager (Male) |
| 24:19 | Construir | House |
| 24:22 | Construir | House |
| 24:24 | Construir | House |
| 24:42 | Construir | Farm |
| 24:56 | Crear | Villager (Male) |
| 24:56 | Crear | Villager (Male) |
| 24:57 | Crear | Villager (Male) |
| 25:04 | Crear | Villager (Male) |
| 25:04 | Crear | Villager (Male) |
| 26:15 | Construir | Castle |
| 28:01 | Crear | Villager (Male) |
| 28:01 | Crear | Villager (Male) |
| 28:02 | Crear | Villager (Male) |
| 28:02 | Crear | Villager (Male) |
| 28:02 | Crear | Villager (Male) |
| 28:02 | Crear | Villager (Male) |
| 28:02 | Crear | Villager (Male) |
| 28:03 | Crear | Villager (Male) |
| 28:55 | Crear | Villager (Male) |
| 28:55 | Crear | Villager (Male) |
| 28:55 | Crear | Villager (Male) |
| 29:03 | Construir | Stable |
| 29:06 | Construir | Stable |
| 29:08 | Construir | Stable |
| 29:09 | Construir | Stable |
| 29:29 | Construir | Town Center |
| 29:35 | Investigar | Town Watch |
| 29:35 | Crear | Villager (Male) |
| 29:35 | Crear | Villager (Male) |
| 29:36 | Crear | Villager (Male) |
| 30:08 | Crear | Scout Cavalry |
| 30:08 | Crear | Scout Cavalry |
| 30:08 | Crear | Scout Cavalry |
| 30:46 | Crear | Scout Cavalry |
| 30:46 | Crear | Scout Cavalry |
| 30:47 | Crear | Scout Cavalry |
| 31:06 | Crear | Villager (Male) |
| 31:07 | Crear | Villager (Male) |
| 31:18 | Crear | Villager (Male) |
| 31:18 | Crear | Villager (Male) |
| 31:39 | Investigar | Double-Bit Axe |
| 31:42 | Investigar | Horse Collar |
| 32:20 | Construir | Mining Camp |
| 32:41 | Construir | Farm |
| 32:45 | Crear | Villager (Male) |
| 32:45 | Crear | Villager (Male) |
| 32:45 | Crear | Villager (Male) |
| 32:45 | Crear | Villager (Male) |
| 32:46 | Crear | Villager (Male) |
| 32:46 | Crear | Villager (Male) |
| 33:05 | Construir | Farm |
| 33:06 | Construir | Farm |
| 33:08 | Construir | Farm |
| 33:10 | Construir | Farm |
| 33:13 | Construir | Farm |
Build order — chrisdalton2
Primeras 150 de 219 acciones detectadas
| 0:05 | Construir | House |
| 0:08 | Construir | House |
| 0:09 | Crear | Villager (Male) |
| 0:10 | Crear | Villager (Male) |
| 0:10 | Crear | Villager (Male) |
| 0:10 | Crear | Villager (Male) |
| 0:10 | Crear | Villager (Male) |
| 1:55 | Crear | Villager (Male) |
| 1:56 | Crear | Villager (Male) |
| 2:34 | Crear | Villager (Male) |
| 2:35 | Crear | Villager (Male) |
| 3:06 | Construir | Mill |
| 3:28 | Crear | Villager (Male) |
| 3:44 | Construir | House |
| 4:44 | Crear | Villager (Male) |
| 4:44 | Crear | Villager (Male) |
| 4:55 | Crear | Villager (Male) |
| 4:56 | Crear | Villager (Male) |
| 6:00 | Construir | House |
| 6:13 | Crear | Villager (Male) |
| 6:13 | Crear | Villager (Male) |
| 6:17 | Crear | Villager (Male) |
| 6:17 | Crear | Villager (Male) |
| 7:52 | Construir | Lumber Camp |
| 8:35 | Investigar | Feudal Age |
| 10:42 | Construir | Mining Camp |
| 10:45 | Edad | Edad Feudal |
| 10:46 | Investigar | Wheelbarrow |
| 10:49 | Investigar | Double-Bit Axe |
| 10:52 | Investigar | Horse Collar |
| 11:57 | Crear | Villager (Male) |
| 11:58 | Crear | Villager (Male) |
| 11:58 | Crear | Villager (Male) |
| 12:00 | Crear | Villager (Male) |
| 12:23 | Investigar | Gold Mining |
| 12:44 | Construir | Market |
| 12:56 | Crear | Villager (Male) |
| 13:07 | Construir | Farm |
| 13:17 | Crear | Villager (Male) |
| 13:20 | Construir | Farm |
| 13:48 | Construir | Farm |
| 13:58 | Crear | Villager (Male) |
| 13:59 | Crear | Villager (Male) |
| 14:14 | Construir | House |
| 14:18 | Construir | House |
| 14:19 | Construir | House |
| 14:23 | Construir | Farm |
| 14:32 | Construir | Farm |
| 14:34 | Construir | Farm |
| 14:37 | Construir | Farm |
| 14:50 | Construir | Farm |
| 15:04 | Crear | Villager (Male) |
| 15:10 | Construir | Farm |
| 15:57 | Construir | Watch Tower |
| 16:09 | Construir | Farm |
| 16:11 | Construir | Farm |
| 16:19 | Crear | Villager (Male) |
| 16:19 | Crear | Villager (Male) |
| 16:19 | Crear | Villager (Male) |
| 16:42 | Construir | Farm |
| 16:43 | Construir | Farm |
| 16:46 | Construir | Farm |
| 16:49 | Construir | Farm |
| 17:29 | Crear | Trade Cart |
| 17:29 | Crear | Trade Cart |
| 18:22 | Crear | Villager (Male) |
| 18:22 | Crear | Villager (Male) |
| 18:22 | Crear | Villager (Male) |
| 18:23 | Crear | Villager (Male) |
| 18:23 | Crear | Villager (Male) |
| 18:23 | Crear | Villager (Male) |
| 18:24 | Crear | Villager (Male) |
| 18:24 | Crear | Villager (Male) |
| 18:42 | Crear | Villager (Male) |
| 18:53 | Crear | Trade Cart |
| 18:53 | Crear | Trade Cart |
| 18:53 | Crear | Trade Cart |
| 18:53 | Crear | Trade Cart |
| 19:03 | Crear | Trade Cart |
| 19:04 | Crear | Trade Cart |
| 19:44 | Crear | Villager (Male) |
| 19:53 | Construir | Blacksmith |
| 20:19 | Construir | Barracks |
| 22:03 | Construir | Lumber Camp |
| 22:19 | Construir | Archery Range |
| 22:22 | Investigar | Man-at-Arms (upgrade) |
| 22:33 | Investigar | Castle Age |
| 22:59 | Investigar | Stone Mining |
| 23:17 | Construir | Mining Camp |
| 23:29 | Crear | Trade Cart |
| 23:29 | Crear | Trade Cart |
| 23:29 | Crear | Trade Cart |
| 24:06 | Crear | Militia |
| 24:06 | Crear | Militia |
| 24:06 | Crear | Militia |
| 24:06 | Crear | Militia |
| 24:07 | Crear | Militia |
| 24:07 | Crear | Militia |
| 24:07 | Crear | Militia |
| 24:08 | Crear | Militia |
| 24:08 | Crear | Militia |
| 24:08 | Crear | Militia |
| 24:09 | Crear | Militia |
| 24:09 | Crear | Militia |
| 24:11 | Crear | Spearman |
| 24:52 | Construir | Barracks |
| 25:13 | Edad | Edad de los Castillos |
| 25:30 | Construir | Siege Workshop |
| 25:51 | Investigar | Long Swordsman (upgrade) |
| 25:51 | Crear | Militia |
| 25:52 | Crear | Militia |
| 25:52 | Crear | Militia |
| 25:52 | Crear | Militia |
| 25:53 | Crear | Militia |
| 25:53 | Crear | Militia |
| 26:18 | Construir | Market |
| 26:42 | Crear | Battering Ram |
| 26:42 | Crear | Battering Ram |
| 27:00 | Crear | Militia |
| 27:00 | Crear | Militia |
| 27:01 | Crear | Militia |
| 27:01 | Crear | Militia |
| 27:11 | Crear | Skirmisher |
| 27:12 | Crear | Skirmisher |
| 27:22 | Construir | House |
| 27:23 | Construir | House |
| 27:25 | Construir | House |
| 27:27 | Construir | House |
| 27:28 | Construir | House |
| 27:29 | Construir | House |
| 27:31 | Construir | House |
| 27:38 | Investigar | Hand Cart |
| 27:38 | Crear | Villager (Male) |
| 27:39 | Crear | Villager (Male) |
| 27:39 | Crear | Villager (Male) |
| 27:39 | Crear | Villager (Male) |
| 27:39 | Crear | Villager (Male) |
| 27:39 | Crear | Villager (Male) |
| 27:40 | Crear | Villager (Male) |
| 27:40 | Crear | Villager (Male) |
| 27:40 | Crear | Villager (Male) |
| 27:48 | Construir | Town Center |
| 27:56 | Crear | Militia |
| 27:56 | Crear | Militia |
| 28:06 | Crear | Battering Ram |
| 28:06 | Crear | Battering Ram |
| 28:47 | Crear | Archer |
| 29:02 | Crear | Battering Ram |
| 29:32 | Crear | Battering Ram |
| 29:32 | Crear | Battering Ram |
Build order — DIY
Primeras 150 de 300 acciones detectadas
| 0:21 | Crear | Villager (Male) |
| 0:21 | Crear | Villager (Male) |
| 0:21 | Crear | Villager (Male) |
| 0:22 | Crear | Villager (Male) |
| 0:23 | Construir | House |
| 0:26 | Construir | House |
| 1:25 | Construir | House |
| 1:27 | Construir | House |
| 1:55 | Crear | Villager (Male) |
| 2:57 | Construir | Mill |
| 3:05 | Crear | Villager (Male) |
| 3:05 | Crear | Villager (Male) |
| 3:50 | Crear | Villager (Male) |
| 3:50 | Crear | Villager (Male) |
| 4:36 | Crear | Villager (Male) |
| 5:17 | Crear | Villager (Male) |
| 5:17 | Crear | Villager (Male) |
| 5:36 | Crear | Villager (Male) |
| 6:24 | Crear | Villager (Male) |
| 6:24 | Crear | Villager (Male) |
| 6:25 | Crear | Villager (Male) |
| 6:25 | Crear | Villager (Male) |
| 6:36 | Crear | Villager (Male) |
| 7:08 | Crear | Villager (Male) |
| 7:08 | Crear | Villager (Male) |
| 7:08 | Crear | Villager (Male) |
| 7:45 | Crear | Villager (Male) |
| 7:45 | Crear | Villager (Male) |
| 8:39 | Construir | House |
| 8:41 | Construir | House |
| 8:42 | Construir | House |
| 9:28 | Construir | House |
| 9:37 | Construir | House |
| 10:23 | Crear | Villager (Male) |
| 10:24 | Crear | Villager (Male) |
| 10:49 | Investigar | Feudal Age |
| 11:50 | Construir | House |
| 12:47 | Construir | Lumber Camp |
| 13:02 | Crear | Villager (Male) |
| 13:02 | Crear | Villager (Male) |
| 13:23 | Edad | Edad Feudal |
| 13:43 | Investigar | Castle Age |
| 14:16 | Construir | Mining Camp |
| 15:19 | Construir | Market |
| 16:09 | Construir | Farm |
| 16:09 | Construir | Farm |
| 16:09 | Construir | Farm |
| 16:10 | Construir | Farm |
| 16:10 | Construir | Farm |
| 16:10 | Construir | Farm |
| 16:47 | Investigar | Double-Bit Axe |
| 16:50 | Investigar | Horse Collar |
| 16:53 | Edad | Edad de los Castillos |
| 16:54 | Crear | Villager (Male) |
| 16:54 | Crear | Villager (Male) |
| 16:54 | Crear | Villager (Male) |
| 17:07 | Construir | Town Center |
| 17:12 | Construir | Town Center |
| 17:32 | Construir | Farm |
| 17:59 | Crear | Villager (Male) |
| 18:04 | Construir | Farm |
| 18:05 | Construir | Farm |
| 18:05 | Construir | Farm |
| 18:05 | Construir | Farm |
| 18:05 | Construir | Farm |
| 18:06 | Construir | Farm |
| 18:13 | Crear | Villager (Male) |
| 18:39 | Construir | Mining Camp |
| 18:49 | Crear | Villager (Male) |
| 18:54 | Construir | Farm |
| 18:58 | Construir | Farm |
| 19:01 | Crear | Villager (Male) |
| 19:16 | Construir | Farm |
| 19:17 | Crear | Villager (Male) |
| 19:18 | Crear | Villager (Male) |
| 19:23 | Construir | Farm |
| 19:41 | Crear | Villager (Male) |
| 19:41 | Crear | Villager (Male) |
| 19:49 | Construir | Farm |
| 19:50 | Construir | Farm |
| 19:50 | Construir | Farm |
| 19:50 | Construir | Farm |
| 19:50 | Construir | Farm |
| 19:54 | Crear | Villager (Male) |
| 20:20 | Investigar | Heavy Plow |
| 20:31 | Crear | Villager (Male) |
| 20:45 | Crear | Villager (Male) |
| 21:21 | Crear | Villager (Male) |
| 21:21 | Crear | Villager (Male) |
| 21:21 | Crear | Villager (Male) |
| 21:22 | Crear | Villager (Male) |
| 21:26 | Crear | Villager (Male) |
| 21:33 | Construir | Mining Camp |
| 21:38 | Crear | Villager (Male) |
| 21:38 | Crear | Villager (Male) |
| 21:48 | Crear | Villager (Male) |
| 21:51 | Crear | Villager (Male) |
| 22:15 | Crear | Villager (Male) |
| 22:15 | Crear | Villager (Male) |
| 22:15 | Crear | Villager (Male) |
| 22:21 | Construir | Farm |
| 22:21 | Construir | Farm |
| 22:21 | Construir | Farm |
| 22:22 | Construir | Farm |
| 22:22 | Construir | Farm |
| 22:22 | Construir | Farm |
| 22:22 | Construir | Farm |
| 22:22 | Construir | Farm |
| 22:23 | Construir | Farm |
| 22:28 | Crear | Villager (Male) |
| 22:29 | Crear | Villager (Male) |
| 22:52 | Construir | Castle |
| 23:30 | Investigar | Stone Mining |
| 23:30 | Investigar | Gold Mining |
| 23:43 | Crear | Villager (Male) |
| 23:43 | Crear | Villager (Male) |
| 23:44 | Crear | Villager (Male) |
| 23:44 | Crear | Villager (Male) |
| 24:01 | Construir | House |
| 24:04 | Construir | House |
| 24:04 | Construir | House |
| 24:05 | Construir | House |
| 24:06 | Construir | House |
| 24:06 | Construir | House |
| 24:25 | Crear | Villager (Male) |
| 24:26 | Crear | Villager (Male) |
| 24:51 | Crear | Villager (Male) |
| 24:51 | Crear | Villager (Male) |
| 24:51 | Crear | Villager (Male) |
| 25:37 | Construir | Stable |
| 25:37 | Construir | Stable |
| 25:39 | Construir | Stable |
| 25:41 | Construir | Stable |
| 25:42 | Construir | Barracks |
| 25:43 | Construir | Barracks |
| 25:45 | Construir | Barracks |
| 25:59 | Crear | Villager (Male) |
| 25:59 | Crear | Villager (Male) |
| 25:59 | Crear | Villager (Male) |
| 26:00 | Crear | Villager (Male) |
| 26:05 | Crear | Trade Cart |
| 26:06 | Crear | Trade Cart |
| 26:33 | Construir | Stone Wall |
| 26:45 | Construir | University |
| 26:48 | Construir | Blacksmith |
| 27:26 | Crear | Villager (Male) |
| 27:26 | Crear | Villager (Male) |
| 27:27 | Crear | Villager (Male) |
| 27:27 | Crear | Villager (Male) |
| 27:27 | Crear | Villager (Male) |
Build order — juanitox3857
Primeras 150 de 293 acciones detectadas
| 0:04 | Construir | House |
| 0:06 | Construir | House |
| 0:07 | Crear | Villager (Male) |
| 0:07 | Crear | Villager (Male) |
| 0:07 | Crear | Villager (Male) |
| 0:08 | Crear | Villager (Male) |
| 1:40 | Crear | Villager (Male) |
| 2:40 | Crear | Villager (Male) |
| 3:05 | Crear | Villager (Male) |
| 3:18 | Crear | Villager (Male) |
| 3:56 | Crear | Villager (Male) |
| 3:57 | Crear | Villager (Male) |
| 4:02 | Construir | Lumber Camp |
| 4:18 | Crear | Villager (Male) |
| 4:18 | Crear | Villager (Male) |
| 4:25 | Construir | House |
| 4:51 | Crear | Villager (Male) |
| 5:21 | Crear | Villager (Male) |
| 5:58 | Crear | Villager (Male) |
| 6:05 | Construir | House |
| 6:32 | Crear | Villager (Male) |
| 7:09 | Construir | Farm |
| 7:14 | Construir | Farm |
| 7:15 | Crear | Villager (Male) |
| 7:16 | Crear | Villager (Male) |
| 7:21 | Construir | Farm |
| 7:43 | Crear | Villager (Male) |
| 7:44 | Crear | Villager (Male) |
| 7:51 | Construir | House |
| 8:05 | Construir | Farm |
| 8:13 | Construir | Farm |
| 8:29 | Construir | Farm |
| 8:39 | Construir | Farm |
| 8:43 | Crear | Villager (Male) |
| 8:53 | Crear | Villager (Male) |
| 9:05 | Construir | Mining Camp |
| 9:35 | Crear | Villager (Male) |
| 9:35 | Crear | Villager (Male) |
| 9:59 | Construir | House |
| 10:15 | Crear | Villager (Male) |
| 10:20 | Construir | Mining Camp |
| 10:42 | Crear | Villager (Male) |
| 10:43 | Crear | Villager (Male) |
| 11:19 | Crear | Villager (Male) |
| 11:19 | Investigar | Feudal Age |
| 11:32 | Construir | Farm |
| 11:36 | Construir | Farm |
| 11:43 | Construir | Mill |
| 12:02 | Construir | Farm |
| 12:29 | Construir | Farm |
| 12:37 | Construir | House |
| 14:27 | Investigar | Castle Age |
| 14:31 | Investigar | Horse Collar |
| 15:16 | Construir | Market |
| 17:24 | Construir | Castle |
| 17:30 | Crear | Villager (Male) |
| 17:30 | Crear | Villager (Male) |
| 17:55 | Construir | Town Center |
| 18:19 | Construir | Town Center |
| 18:24 | Crear | Villager (Male) |
| 18:24 | Crear | Villager (Male) |
| 18:55 | Construir | Mining Camp |
| 19:09 | Crear | Villager (Male) |
| 19:09 | Crear | Villager (Male) |
| 19:09 | Crear | Villager (Male) |
| 19:10 | Crear | Villager (Male) |
| 19:10 | Crear | Villager (Male) |
| 19:27 | Crear | Villager (Male) |
| 19:43 | Investigar | Gold Mining |
| 20:07 | Crear | Villager (Male) |
| 20:07 | Crear | Villager (Male) |
| 20:21 | Crear | Villager (Male) |
| 20:21 | Crear | Villager (Male) |
| 20:22 | Crear | Villager (Male) |
| 20:24 | Crear | Villager (Male) |
| 20:25 | Crear | Villager (Male) |
| 20:27 | Crear | Villager (Male) |
| 20:48 | Construir | Stable |
| 20:53 | Construir | Stable |
| 21:04 | Crear | Villager (Male) |
| 21:05 | Investigar | Wheelbarrow |
| 21:25 | Crear | Villager (Male) |
| 21:25 | Crear | Villager (Male) |
| 21:26 | Crear | Villager (Male) |
| 21:27 | Crear | Villager (Male) |
| 21:56 | Crear | Villager (Male) |
| 21:57 | Crear | Villager (Male) |
| 21:57 | Crear | Villager (Male) |
| 22:23 | Crear | Villager (Male) |
| 22:24 | Crear | Villager (Male) |
| 22:37 | Construir | Farm |
| 22:39 | Construir | Farm |
| 22:41 | Construir | Farm |
| 22:42 | Construir | Farm |
| 22:44 | Construir | Farm |
| 22:52 | Crear | Villager (Male) |
| 22:53 | Crear | Villager (Male) |
| 22:56 | Crear | Villager (Male) |
| 23:16 | Crear | Villager (Male) |
| 23:43 | Crear | Villager (Male) |
| 23:44 | Crear | Villager (Male) |
| 23:44 | Crear | Villager (Male) |
| 23:45 | Crear | Villager (Male) |
| 23:46 | Crear | Villager (Male) |
| 23:57 | Construir | Farm |
| 23:59 | Construir | Farm |
| 24:00 | Construir | Farm |
| 24:03 | Construir | Farm |
| 24:04 | Construir | Farm |
| 24:12 | Crear | Villager (Male) |
| 24:13 | Crear | Villager (Male) |
| 24:13 | Crear | Villager (Male) |
| 24:20 | Crear | Villager (Male) |
| 24:40 | Construir | Stable |
| 24:46 | Construir | House |
| 24:49 | Construir | House |
| 24:50 | Construir | House |
| 24:53 | Construir | House |
| 25:09 | Crear | Villager (Male) |
| 25:09 | Crear | Villager (Male) |
| 25:10 | Crear | Villager (Male) |
| 25:11 | Crear | Villager (Male) |
| 25:12 | Crear | Villager (Male) |
| 26:03 | Crear | Villager (Male) |
| 26:04 | Crear | Villager (Male) |
| 26:04 | Crear | Villager (Male) |
| 26:04 | Crear | Villager (Male) |
| 26:05 | Crear | Villager (Male) |
| 26:05 | Crear | Villager (Male) |
| 26:21 | Construir | Mining Camp |
| 26:33 | Construir | Farm |
| 26:35 | Construir | Farm |
| 26:36 | Construir | Farm |
| 26:38 | Construir | Farm |
| 26:40 | Construir | Farm |
| 26:43 | Construir | Farm |
| 26:48 | Investigar | Heavy Plow |
| 26:51 | Investigar | Double-Bit Axe |
| 27:27 | Construir | House |
| 27:29 | Construir | House |
| 27:30 | Construir | House |
| 27:31 | Construir | House |
| 28:10 | Crear | Villager (Male) |
| 28:11 | Crear | Villager (Male) |
| 28:11 | Crear | Villager (Male) |
| 28:11 | Crear | Villager (Male) |
| 28:12 | Crear | Villager (Male) |
| 28:13 | Crear | Villager (Male) |
| 28:14 | Investigar | Hand Cart |
| 28:34 | Crear | Battle Elephant |
Build order — asif14k
Primeras 150 de 216 acciones detectadas
| 0:06 | Construir | House |
| 0:11 | Construir | House |
| 0:21 | Investigar | Loom |
| 0:22 | Crear | Villager (Male) |
| 0:22 | Crear | Villager (Male) |
| 0:22 | Crear | Villager (Male) |
| 0:22 | Crear | Villager (Male) |
| 0:23 | Crear | Villager (Male) |
| 2:00 | Crear | Villager (Male) |
| 2:25 | Crear | Villager (Male) |
| 2:58 | Crear | Villager (Male) |
| 3:26 | Crear | Villager (Male) |
| 3:56 | Crear | Villager (Male) |
| 4:21 | Crear | Villager (Male) |
| 4:36 | Construir | House |
| 4:38 | Crear | Villager (Male) |
| 5:07 | Construir | Mill |
| 5:20 | Crear | Villager (Male) |
| 6:54 | Crear | Villager (Male) |
| 6:55 | Crear | Villager (Male) |
| 6:56 | Crear | Villager (Male) |
| 6:58 | Crear | Villager (Male) |
| 7:22 | Construir | Mill |
| 9:00 | Construir | Mining Camp |
| 9:52 | Investigar | Feudal Age |
| 10:17 | Construir | Lumber Camp |
| 11:44 | Construir | House |
| 11:49 | Construir | House |
| 11:51 | Construir | House |
| 11:52 | Construir | House |
| 11:55 | Construir | House |
| 11:58 | Construir | House |
| 12:06 | Investigar | Wheelbarrow |
| 12:08 | Crear | Villager (Male) |
| 12:08 | Crear | Villager (Male) |
| 12:08 | Crear | Villager (Male) |
| 12:09 | Crear | Villager (Male) |
| 12:09 | Crear | Villager (Male) |
| 12:09 | Crear | Villager (Male) |
| 12:40 | Construir | Farm |
| 12:42 | Construir | Farm |
| 12:44 | Construir | Farm |
| 12:51 | Construir | Farm |
| 12:54 | Construir | Farm |
| 13:48 | Investigar | Double-Bit Axe |
| 14:43 | Construir | Blacksmith |
| 15:10 | Construir | Mining Camp |
| 15:32 | Construir | Farm |
| 15:35 | Construir | Farm |
| 15:37 | Construir | Farm |
| 16:27 | Construir | Market |
| 17:06 | Crear | Villager (Male) |
| 17:07 | Crear | Villager (Male) |
| 17:08 | Crear | Villager (Male) |
| 17:08 | Crear | Villager (Male) |
| 17:08 | Crear | Villager (Male) |
| 17:09 | Crear | Villager (Male) |
| 17:10 | Crear | Villager (Male) |
| 17:12 | Crear | Villager (Male) |
| 17:40 | Construir | Farm |
| 17:58 | Construir | Barracks |
| 18:05 | Crear | Trade Cart |
| 18:05 | Crear | Trade Cart |
| 18:06 | Crear | Trade Cart |
| 18:58 | Construir | Farm |
| 19:00 | Construir | Farm |
| 19:02 | Construir | Farm |
| 19:04 | Construir | Farm |
| 19:05 | Construir | Farm |
| 20:02 | Investigar | Castle Age |
| 20:15 | Construir | Farm |
| 20:48 | Construir | Farm |
| 21:07 | Investigar | Forging |
| 21:07 | Investigar | Fletching |
| 21:08 | Investigar | Scale Mail Armor |
| 21:08 | Investigar | Padded Archer Armor |
| 21:18 | Investigar | Scale Barding Armor |
| 21:37 | Investigar | Gold Mining |
| 21:58 | Investigar | Stone Mining |
| 23:20 | Investigar | Iron Casting |
| 23:21 | Investigar | Chain Mail Armor |
| 23:47 | Construir | Town Center |
| 24:33 | Construir | Castle |
| 25:19 | Investigar | Hand Cart |
| 25:58 | Investigar | Bow Saw |
| 26:18 | Investigar | Caravan |
| 26:19 | Investigar | Coinage |
| 26:21 | Crear | Trade Cart |
| 26:22 | Crear | Trade Cart |
| 26:22 | Crear | Trade Cart |
| 26:32 | Investigar | Gold Shaft Mining |
| 26:41 | Investigar | Arson |
| 26:41 | Investigar | Squires |
| 27:47 | Crear | Villager (Male) |
| 27:47 | Crear | Villager (Male) |
| 27:57 | Crear | Villager (Male) |
| 27:58 | Crear | Villager (Male) |
| 27:58 | Crear | Villager (Male) |
| 27:58 | Crear | Villager (Male) |
| 27:59 | Crear | Villager (Male) |
| 27:59 | Crear | Villager (Male) |
| 28:00 | Crear | Villager (Male) |
| 28:00 | Crear | Villager (Male) |
| 28:00 | Crear | Villager (Male) |
| 28:00 | Crear | Villager (Male) |
| 28:01 | Crear | Villager (Male) |
| 28:37 | Construir | Siege Workshop |
| 28:59 | Construir | Farm |
| 29:10 | Construir | Farm |
| 29:22 | Construir | Farm |
| 29:48 | Construir | Archery Range |
| 29:59 | Construir | Farm |
| 30:12 | Crear | Trade Cart |
| 30:12 | Crear | Trade Cart |
| 30:12 | Crear | Trade Cart |
| 30:12 | Crear | Trade Cart |
| 30:13 | Crear | Trade Cart |
| 30:13 | Crear | Trade Cart |
| 30:13 | Crear | Trade Cart |
| 30:14 | Crear | Trade Cart |
| 30:21 | Construir | Farm |
| 30:37 | Construir | Lumber Camp |
| 31:18 | Construir | Stable |
| 31:22 | Investigar | Crossbowman (upgrade) |
| 31:49 | Crear | Villager (Male) |
| 31:49 | Crear | Villager (Male) |
| 31:49 | Crear | Villager (Male) |
| 31:50 | Crear | Villager (Male) |
| 31:50 | Crear | Villager (Male) |
| 31:50 | Crear | Villager (Male) |
| 31:51 | Crear | Villager (Male) |
| 31:51 | Crear | Villager (Male) |
| 31:51 | Crear | Villager (Male) |
| 31:52 | Crear | Villager (Male) |
| 31:52 | Crear | Villager (Male) |
| 31:52 | Crear | Villager (Male) |
| 31:53 | Crear | Villager (Male) |
| 31:53 | Crear | Villager (Male) |
| 31:53 | Crear | Villager (Male) |
| 31:54 | Crear | Villager (Male) |
| 31:54 | Crear | Villager (Male) |
| 31:54 | Crear | Villager (Male) |
| 31:55 | Crear | Villager (Male) |
| 31:55 | Crear | Villager (Male) |
| 31:55 | Crear | Villager (Male) |
| 31:56 | Crear | Villager (Male) |
| 31:56 | Crear | Villager (Male) |
| 31:56 | Crear | Villager (Male) |
| 31:57 | Crear | Villager (Male) |
| 31:57 | Crear | Villager (Male) |
Cronología de la partida
| 9:14 | jhampier.t-04 · age_up feudal |
| 10:45 | chrisdalton2 · age_up feudal |
| 10:48 | brhm06 · first_building Barracks |
| 11:26 | brhm06 · age_up feudal |
| 12:26 | brhm06 · first_building Stable |
| 13:23 | DIY · age_up feudal |
| 14:27 | brhm06 · wall_segment Stone Wall x8 |
| 14:38 | brhm06 · wall_segment Stone Wall x15 |
| 15:13 | jhampier.t-04 · first_market_sell 100 food |
| 15:26 | brhm06 · wall_segment Stone Wall x21 |
| 15:46 | jhampier.t-04 · first_market_buy 100 food |
| 16:53 | DIY · age_up castle |
| 17:15 | juanitox3857 · first_market_buy 100 stone |
| 17:24 | juanitox3857 · first_building Castle |
| 17:41 | juanitox3857 · first_market_sell 100 food |
| 17:58 | asif14k · first_building Barracks |
| 18:04 | brhm06 · first_building Archery Range |
| 18:29 | jhampier.t-04 · age_up castle |
| 18:49 | jhampier.t-04 · first_building Castle |
| 19:14 | jhampier.t-04 · wall_segment Stone Wall x3 |
| 19:32 | brhm06 · first_market_buy 100 food |
| 20:19 | chrisdalton2 · first_building Barracks |
| 20:48 | juanitox3857 · first_building Stable |
| 22:14 | brhm06 · age_up castle |
| 22:19 | chrisdalton2 · first_building Archery Range |
| 22:49 | jhampier.t-04 · wall_segment Stone Wall x4 |
| 22:52 | DIY · first_building Castle |
| 22:56 | jhampier.t-04 · wall_segment Stone Wall x1 |
| 22:58 | jhampier.t-04 · wall_segment Stone Wall x1 |
| 24:33 | asif14k · first_building Castle |
| 25:13 | chrisdalton2 · age_up castle |
| 25:30 | chrisdalton2 · first_building Siege Workshop |
| 25:37 | DIY · first_building Stable |
| 25:42 | DIY · first_building Barracks |
| 26:33 | DIY · wall_segment Stone Wall x25 |
| 28:22 | brhm06 · first_building Monastery |
| 28:37 | asif14k · first_building Siege Workshop |
| 28:56 | brhm06 · first_building Castle |
| 29:03 | jhampier.t-04 · first_building Stable |
| 29:48 | asif14k · first_building Archery Range |
| 29:57 | juanitox3857 · first_building Siege Workshop |
| 30:33 | chrisdalton2 · first_market_sell 100 wood |
| 30:38 | chrisdalton2 · first_market_buy 100 food |
| 31:18 | asif14k · first_building Stable |
| 32:43 | brhm06 · first_market_sell 100 stone |
| 35:20 | DIY · first_building Siege Workshop |
| 36:20 | chrisdalton2 · first_building Castle |
| 37:35 | DIY · age_up imperial |
| 38:49 | chrisdalton2 · resign |
| 38:57 | asif14k · first_building Monastery |
| 45:05 | asif14k · first_market_sell 100 wood |
[ ANÁLISIS IA · 1 CRÉDITO ]
¿Qué pasó realmente en esta partida?
Wolo.gg analiza cada decisión: build order, eco, micro, errores típicos por bracket. Análisis personalizado por WhatsApp o Discord en 30 segundos.
Guía civ
Mongoles
Perfil
Jugador #9505475